 Dungeon Crawl Stone Soup version 0.30.1-9-gdf580d7c3d (webtiles) character file.

Game seed: 4964954832668602423

1565 fireball365 the Cleaver (level 8, -3/70 HPs)
             Began as a Hill Orc Fighter on Oct 8, 2023.
             Was an Initiate of Gozag.
             Killed by nerve-wracking pain
             ... invoked by an orc priest
              (5 damage)
             ... on level 6 of the Dungeon.
             The game lasted 00:10:27 (5407 turns).

fireball365 the Cleaver (Hill Orc Fighter)          Turns: 5407, Time: 00:10:28

Health: -3/70      AC: 14    Str: 21    XL:     8   Next: 89%
Magic:  8/8        EV:  8    Int:  8    God:    Gozag
Gold:   374        SH:  4    Dex: 10    Spells: 7/7 levels left

rFire   . . .        a - +0 war axe
rCold   . . .        c - +0 buckler
rNeg    . . .        x - +0 chain mail
rPois   +            i - +0 helmet
rElec   .            w - +0 cloak
rCorr   .            f - +1 pair of gloves
SInv    .            (no boots)
Will    .....        (no amulet) Stlth
                     h - ring of poison resistance
HPRegen 0.31/turn    (no ring)
MPRegen 0.11/turn

%: no passive effects
@: about to teleport, gold aura
A: no striking features
a: Renounce Religion, Convert to Beogh, Potion Petition, Call Merchant, Bribe
Branch


You were on level 6 of the Dungeon.
You worshipped Gozag.
Gozag was aware of your devotion.
You visited 2 branches of the dungeon, and saw 7 of its levels.

You collected 409 gold pieces.
You paid 35 gold pieces to Gozag.

Inventory:

Hand Weapons
 a - a +0 war axe (weapon)
 v - a +4 quarterstaff of chaos
 C - the +6 whip of Festooned Innocence {drain, rCorr}
   (You found it on level 5 of the Dungeon)

   rCorr:     It protects you from acid and corrosion.
Missiles
 k - 6 boomerangs (quivered)
 q - 2 throwing nets
Armour
 b - a +0 scale mail
 c - a +0 buckler (worn)
 f - a +1 pair of gloves (worn)
 i - a +0 helmet (worn)
 w - a +0 cloak (worn)
 x - a +0 chain mail (worn)
Jewellery
 h - a ring of poison resistance (left hand)
 y - an amulet of faith
Wands
 g - a wand of mindburst (23)
 t - a wand of digging (9)
Scrolls
 e - a scroll of noise {unknown}
 m - 2 scrolls of fear {unknown}
 o - a scroll of poison {unknown}
 p - a scroll of teleportation
 r - 5 scrolls of enchant weapon
 A - a scroll of blinking {unknown}
 B - a scroll of magic mapping {unknown}
 F - a scroll of amnesia {unknown}
Potions
 d - a potion of might
 j - 3 potions of flight
 l - 4 potions of curing {unknown}
 n - 4 potions of haste
 s - a potion of brilliance
 u - a potion of degeneration {unknown}
 z - a potion of mutation {unknown}
 E - a potion of lignification {unknown}
 G - a potion of magic {unknown}


   Skills:
 + Level 6.1 Fighting
 + Level 10.8 Axes
 + Level 5.9 Armour
 + Level 1.6 Dodging
 + Level 0.4 Stealth
 + Level 4.6 Shields


You had 7 spell levels left.
You didn't know any spells.
Your spell library contained the following spells:

 Spells                   Type           Power      Damage    Failure   Level
 Beastly Appendage        Tmut           0%         N/A       97%         1
 Lesser Beckoning         Tloc           0%         N/A       99%         2
 Wereblood                Tmut           0%         N/A       99%         2
 Gell's Gravitas          Tloc           0%         N/A       100%        3
 Spider Form              Tmut/Pois      0%         N/A       100%        3
 Teleport Other           Tloc           0%         N/A       100%        3


Dungeon Overview and Level Annotations

Branches:
Dungeon (6/15)             Temple (1/1) D:4

Altars:
Dithmenos
Elyvilon
Gozag
Kikubaaqudgha
Nemelex Xobeh
Qazlal
Ru
Trog
Wu Jian
Zin
The Shining One

Shops:
D:4 :   D:5 :


Message History

You hit the orc priest.
The orc priest is severely wounded.
You closely miss the orc priest.
The orc priest hits you with a +0 flail.
The orc priest threatens, "By the altar or by the axe, you will meet Beogh!"
The orc priest barely misses you.
You barely miss the orc priest.
The orc priest is severely wounded.
You closely miss the orc priest.
The orc priest hits you with a +0 flail.
The orc priest hits you but does no damage.
You hit the orc priest but do no damage.
The orc priest is severely wounded.
You barely miss the orc priest.
The orc priest invokes the aid of Beogh against you.
Beogh smites you!
* * * LOW HITPOINT WARNING * * *
The orc priest hits you but does no damage.
You hit the orc priest.
The orc priest is almost dead.
You barely miss the orc priest.
The orc priest invokes the aid of Beogh against you.
Pain shoots through your body!
* * * LOW HITPOINT WARNING * * *
You block the orc priest's attack.
Aiming: Mindburst
Press: ? - help, Q - select action, (/) - cycle Shift-Dir - straight line, f - orc priest
Aim: an orc priest, wielding a +0 dagger and wearing a +0 chain mail (almost dead, chance to affect: 64%)
The orc priest struggles to resist.
The orc priest hits you but does no damage.
The orc priest threatens, "By the altar or by the axe, you will meet Beogh!"
The orc priest hits you but does no damage.
As you read the scroll of teleportation, it crumbles to dust.
You feel strangely unstable.
The orc priest hits you with a +0 flail.
* * * LOW HITPOINT WARNING * * *
The orc priest invokes the aid of Beogh against you.
Pain shoots through your body!
You die...
Your body crumbles into a pile of gold.

....##
.....##........#.
....
..#.##..........#
....
########$o##....#
#...$o.....#
#?.$$.....###
#...####.....
#.....# .....
#..#o## ...#
#######..#o@# ....#
#........##.#.$.###
$$
#......####........
#.###..# #..#.....
#...#### #### #.##
#...# # ######..##
........# .>......#


You could see 2 orc priests.

Vanquished Creatures
  A steam dragon (D:6)
  A water moccasin (D:5)
  A black bear (D:5)
  2 ogres (D:5)
  A centaur (D:5)
  A bullfrog (D:6)
  2 scorpions
  The ghost of Nedac819 the Covered, a weakling DgFi (D:3)
  3 hounds
  2 jellies
  Crazy Yiuf (D:3)
  A sleepcap (D:6)
  A gnoll bouda (D:6)
  7 iguanas
  Terence (D:3)
  Natasha (thrice) (D:3)
  An orc wizard (D:6)
  8 gnolls
  8 adders
  5 worms
  2 dart slugs
  6 orcs
  8 ball pythons
  6 endoplasms
  4 giant cockroaches
  6 goblins
  5 hobgoblins
  8 jackals
  3 kobolds
  2 quokkas
  6 bats
  3 frilled lizards
  4 rats
114 creatures vanquished.

Notes
Turn   | Place    | Note
-------+----------+-------------------------------------------
     0 | D:1      | fireball365 the Hill Orc Fighter began the quest for the
                  | Orb.
     0 | D:1      | Reached XP level 1. HP: 19/19 MP: 1/1
   126 | D:1      | Reached XP level 2. HP: 27/27 MP: 2/2
   334 | D:1      | Reached skill level 3 in Axes
   553 | D:1      | Reached XP level 3. HP: 32/33 MP: 3/3
  1457 | D:2      | Reached skill level 4 in Axes
  1805 | D:3      | Found a runed translucent door.
  1805 | D:3      | Noticed Nedac819's ghost (weakling DgFi)
  1819 | D:3      | Noticed Natasha
  1823 | D:3      | Killed Natasha
  1824 | D:3      | Reached XP level 4. HP: 22/40 MP: 4/4
  1884 | D:3      | Noticed Natasha
  1916 | D:3      | Reached skill level 5 in Axes
  1916 | D:3      | Reached XP level 5. HP: 28/46 MP: 5/5
  2011 | D:3      | Killed Natasha
  2170 | D:3      | Found a runed translucent door.
  2171 | D:3      | Noticed Crazy Yiuf
  2226 | D:3      | Noticed Terence
  2232 | D:3      | Killed Terence
  2276 | D:3      | Noticed Natasha
  2283 | D:3      | Killed Natasha
  2374 | D:3      | Reached skill level 6 in Axes
  2745 | D:3      | HP: 2/46 [Nedac819's ghost (2)]
  2749 | D:3      | Killed Nedac819's ghost
  2750 | D:3      | Reached XP level 6. HP: 19/52 MP: 6/6
  2911 | D:3      | Killed Crazy Yiuf
  3451 | D:4      | Found a staircase to the Ecumenical Temple.
  3480 | Temple   | Entered the Ecumenical Temple
  3496 | Temple   | Became a worshipper of Gozag Ym Sagoz the Greedy
  3819 | D:4      | Found Janefymueg's Book Shop.
  3983 | D:4      | Reached skill level 7 in Axes
  4104 | D:5      | Entered Level 5 of the Dungeon
  4115 | D:5      | Reached XP level 7. HP: 31/60 MP: 7/7
  4117 | D:5      | Reached skill level 1 in Dodging
  4275 | D:5      | Reached skill level 5 in Armour
  4294 | D:5      | Reached skill level 5 in Fighting
  4294 | D:5      | Reached skill level 8 in Axes
  4394 | D:5      | Identified the +6 whip of Festooned Innocence {drain,
                  | rCorr}
  4408 | D:5      | Reached XP level 8. HP: 66/68 MP: 8/8
  4513 | D:5      | Reached skill level 9 in Axes
  4765 | D:5      | Found an ancient bone altar of Kikubaaqudgha.
  4766 | D:5      | Found a glowing golden altar of the Shining One.
  4977 | D:5      | Found Jummas's Tremendous Tomes.
  5108 | D:6      | Reached skill level 10 in Axes
  5405 | D:6      | HP: 2/70 [orc priest/nerve-wracking pain (12)]
  5407 | D:6      | Killed from afar by an orc priest

Illustrated notes

Levels and vault maps discovered:
D:1:      erik_arrival_cave_to_civilisation [erik_arrival_cave_to_hall],
          layout_loops_ring
D:2:      layout_loops_cross, kennysheep_crisscross
D:3:      layout_basic, hellmonk_ghost_happy_afterlife, uniq_natasha,
          uniq_crazy_yiuf_cottage, uniq_terence
D:4:      layout_basic, minmay_temple_entry_drinking_statues, serial_shops,
          nicolae_lakefront_shop
D:5:      layout_gridville, mainiacjoe_overflow_divided_tiny, st_stairs_8,
          nicolae_shop_i_like_big_books, minmay_misc_feat_enclosed
D:6:      layout_cave_pools, portal_sewer_entry_e, chequers_serial_rivers_marsh,
          minmay_three_doors
Temple:   nicolae_temple_bog_church

Skill      XL: |  1  2  3  4  5  6  7  8 |
---------------+-------------------------+-----
Axes           | 3 4 5 6 7 8 10 | 10.8
Fighting       | 4 5 6 |  6.1
Armour         | 4 5 |  5.9
Shields        | 4 |  4.6
Dodging        | 1 |  1.6
Stealth        | |  0.4

Action                     |  1- 3 |  4- 6 |  7- 9 || total
---------------------------+-------+-------+-------++-------
  Melee: War axe           |    99 |   120 |   139 ||   358
  Evoke: Wand              |       |       |     1 ||     1
    Use: Scroll            |     1 |     5 |     1 ||     7
         Potion            |       |     1 |     1 ||     2
 Armour: Scale mail        |    59 |    59 |       ||   118
         Chain mail        |       |    10 |   118 ||   128
  Dodge: Dodged            |    61 |    45 |    77 ||   183
  Block: Buckler           |    23 |    25 |    44 ||    92
